 Dungeon Crawl Stone Soup version 0.31-a0-632-g766dd24fdf (webtiles) character file.

Game seed: 5746977149260681363

50 Twinkles the Chopper (level 3, 0/33 HPs)
             Began as a Minotaur Berserker on Aug 25, 2023.
             Was a Believer of Trog.
             Slain by a gnoll
             ... wielding a +0 halberd
              (4 damage)
             ... on level 2 of the Dungeon.
             The game lasted 00:01:19 (1236 turns).

Twinkles the Chopper (Minotaur Berserker)           Turns: 1236, Time: 00:01:19

Health: 0/33       AC:  2    Str: 23    XL:     3   Next: 55%
Magic:  2/2        EV: 12    Int:  4    God:    Trog [**....]
Gold:   65         SH:  0    Dex:  9    Spells: 2/2 levels left

rFire   . . .        a - +0 hand axe
rCold   . . .        (no shield)
rNeg    . . .        b - +0 animal skin
rPois   .            (helmet restricted)
rElec   .            (no cloak)
rCorr   .            (no gloves)
SInv    .            (no boots)
Will    .....        (no amulet)
Stlth   +            (no ring)
HPRegen 0.25/turn    (no ring)
MPRegen 0.08/turn

%: no passive effects
@: no status effects
A: horns 2, retaliatory headbutt
a: Renounce Religion, Berserk, Trog's Hand


You were on level 2 of the Dungeon.
You worshipped Trog.
Trog was pleased with you.
You visited 1 branch of the dungeon, and saw 2 of its levels.

You collected 65 gold pieces.

Inventory:

Hand Weapons
 a - a +0 hand axe (weapon)
Missiles
 h - 6 poisoned darts
Armour
 b - a +0 animal skin (worn)
Jewellery
 f - an amulet of faith
Scrolls
 c - a scroll of identify {unknown}
 d - a scroll of fear {unknown}
Potions
 e - 3 potions of curing {unknown}
 g - 2 potions of enlightenment {unknown}
 i - a potion of might {unknown}


   Skills:
 + Level 4.2 Fighting
 + Level 4.2 Axes
 + Level 3.2 Armour
 + Level 2.8 Dodging


You had 2 spell levels left.
You didn't know any spells.
Your spell library was empty.

Dungeon Overview and Level Annotations

Branches:
Dungeon (2/15) Zot: 10752

Altars:


Innate Abilities, Weirdness & Mutations

You have a pair of horns on your head.
You reflexively headbutt those who attack you in melee.


Message History

A goblin is nearby!
A goblin is nearby!
The goblin shouts!
You slash the goblin!
You kill the goblin!
Trog accepts your kill.
No target in view!
No target in view! 2 gnolls come into view.
The gnoll shouts!
There are monsters nearby!
A gnoll comes into view. It is wielding a +0 flail.
The gnoll attacks as it pursues you! The gnoll barely misses you.
The gnoll attacks as it pursues you!
The gnoll hits you from afar with a +0 halberd!
The gnoll hits you from afar with a +0 halberd!
The gnoll attacks as it pursues you! The gnoll barely misses you.
The gnoll attacks as it pursues you! The gnoll closely misses you.
A bat skeleton and a goblin come into view.
The goblin shouts!
The bat skeleton closely misses you. x2
The bat skeleton closely misses you. The bat skeleton misses you.
You furiously retaliate!
You headbutt the bat skeleton!
You destroy the bat skeleton!
Trog accepts your kill.
You enter the shallow water.
Moving in this stuff is going to be slow.
The gnoll shouts!
The goblin attacks as it pursues you!
The goblin splashes around in the water.
The goblin attacks as it pursues you! The goblin closely misses you.
The gnoll attacks as it pursues you!
The gnoll hits you from afar with a +0 halberd!
* * * LOW HITPOINT WARNING * * *
The gnoll barely misses you. The gnoll attacks as it pursues you!
The gnoll closely misses you. The goblin attacks as it pursues you!
The goblin barely misses you. The gnoll attacks as it pursues you!
The gnoll hits you from afar with a +0 halberd.
You die...

###### ####....## #.P≈.....#
#.~~~..#.# ##.~~~~.#.#
##..~~~~P#.##############
#....~g.................. ##
#.#..~P.gg@....<......... ..
#.####...g...............
..#####g# #..#....####.########.
......#g# #..#.......†.#........
......#.####..#....###..#....##..
.........................>.......
......#.##.....#.#####..#.#......
........##.........# #..).#######
......####.......#.###...........


You could see 3 gnolls and a goblin.

Vanquished Creatures
  An adder (D:2)
  An adder zombie (D:2)
  A worm (D:2)
  2 dart slugs (D:2)
  2 ball pythons (D:1)
  3 bats (D:1)
  A bat skeleton (D:2)
  5 endoplasms
  4 goblins
  2 hobgoblins
  A jackal zombie (D:2)
  4 kobolds
  A rat (D:1)
28 creatures vanquished.

Notes
Turn   | Place    | Note
-------+----------+-------------------------------------------
     0 | D:1      | Twinkles the Minotaur Berserker began the quest for the
                  | Orb.
     0 | D:1      | Reached XP level 1. HP: 19/19 MP: 0/0
   166 | D:1      | Reached XP level 2. HP: 22/27 MP: 1/1
   549 | D:1      | Found a faded altar of an unknown god.
   956 | D:2      | HP: 8/27 [adder (3)]
   957 | D:2      | Reached ** piety under Trog
   958 | D:2      | Reached XP level 3. HP: 9/33 MP: 2/2
  1234 | D:2      | HP: 3/33 [gnoll/+0 halberd (12)]
  1236 | D:2      | Slain by a gnoll

Illustrated notes

Levels and vault maps discovered:
D:1:      dpeg_arrival_yet_another_circle, layout_loops_ring,
          nicolae_ecumenical_lake_church, minmay_misc_feat_encased, st_stairs_3
D:2:      layout_basic, serial_undead, serial_undead_f, serial_undead_f,
          serial_undead_f, serial_undead_f, uniq_jessica

Skill      XL: |  1  2 |
---------------+-------+-----
Axes           | 4 |  4.2
Fighting       | 4 |  4.2
Armour         | 3 |  3.2
Dodging        | |  2.8

Action                     || total
---------------------------++-------
  Melee: Hand axe          ||    64
         Headbutt          ||     9
         Punch             ||     1
   Stab: Sleeping          ||     1
 Armour: Animal skin       ||     6
  Dodge: Dodged            ||    55

Table legend: (Time is in decaauts)
 A = Elapsed time spent in this place.
 B = Non-inter-level travel time spent in this place.
 C = Inter-level travel time spent in this place.
 D = Time resting spent in this place.
 E = Time spent auto-exploring this place.
 F = Levels seen in this place.
 G = Mean time per level.
                   A        B        C        D        E       F      G
               +--------+--------+--------+--------+--------+-----+--------+
         Total |   1246 |   1208 |     38 |     60 |    912 |   2 |  623.0 |
       Dungeon |   1246 |   1208 |     38 |     60 |    912 |   2 |  623.0 |
               +--------+--------+--------+--------+--------+-----+--------+

Top non-repeatable levels by time:
     D:1: 899 daAuts
     D:2: 347 daAuts
